cohdb
Replays
Latest Replays
All Replays
Popular Replays
Top Player Replays
Match Explorer
How It Works
Community
CoH3 Stats
Reddit
Sign in to upload your games and track your stats! →
Sign in with Steam
Match 38401065
Unlisted
Match 38401065
Overview
Messages
Build Orders
End
Engineer Squad
Construct Barracks
Riflemen Squad
Selects Armored Battlegroup
Selects Armored Battlegroup
Selects Assault Engineers
Riflemen Squad
Riflemen Squad
Grenade Package
Construct Medical Station
Selects Fast Deploy
Air Support Center
Construct Motor Pool
M8 Greyhound Armored Car
Selects M8 Scott SPG
ProxxX
∀BDRYXA
Spitfire
BigTiddyLebron
0
0
Comments
sign in to comment!
No comments posted yet!